Map: Cyber Forest LE

Players

Arcane

  • Race: Protoss Protoss
  • League: Diamond
  • Spawn Location: 5:00

brueda - Winner!

  • Race: Zerg Zerg
  • League: Master
  • Spawn Location: 11:00

VOD

Have the link to the VOD?

Description

Time

  • Played on: March 23, 2019, 2:48 p.m.
  • Length: 7:07
Show
View Real Time Build Order
Export as new Build Order

Arcane Protoss 

Build Orders:  

Get SALT Encoding   

  12  0:00  Probe  
  13  0:13  Probe  
  14  0:22  Pylon  
  14  0:25  Probe  
  15  0:37  Probe  
  15  0:41  Gateway  
  16  0:45  Probe  
  17  0:54  Probe  
  17  0:57  Assimilator  
  18  1:06  Probe  
  19  1:18  Probe  
  20  1:29  Cybernetics Core  
  20  1:30  Zealot  
  21  1:34  Probe  
  22  1:40  Gateway  
  22  1:53  Pylon  
  22  1:54  Probe  
  22  1:58  Assimilator  
  23  2:11  Adept  
  25  2:19  Nexus  
  25  2:24  Probe  
  26  2:30  Adept  
  26  2:33  Warp Gate  
  26  2:37  Probe  
  29  2:45  Pylon  
  29  2:49  Probe  
  30  3:03  Adept  
  32  3:06  Probe  
  33  3:16  Probe, Pylon, Robotics Facility  
  33  3:19  Sentry  
  36  3:24  Probe  
  36  3:31  Probe  
  36  3:34  Probe  
  38  3:40  Probe  
  38  3:41  Shield Battery  
  39  3:43  Stalker  
  39  3:46  Probe  
  43  3:48  Probe  
  44  3:58  Probe  
  44  4:02  Immortal  
  43  4:08  Probe  
  43  4:09  Probe  
  40  4:16  Probe  
  45  4:17  Probe  
  47  4:24  Probe  
  47  4:25  Probe  
  49  4:31  Immortal  
  49  4:35  Probe  
  49  4:36  Probe  
  55  4:49  Probe x2  
  57  4:54  Gateway  
  57  4:55  Gateway  
  57  4:56  Gateway  
  57  4:57  Gateway  
  57  5:04  Assimilator  
  57  5:07  Assimilator  
  57  5:10  Warp Prism  
  59  5:15  Sentry  
  59  5:19  Pylon  
  61  5:22  Pylon, Gateway  
  61  5:25  Gateway  
  61  5:32  Probe  
  62  5:36  Pylon  
  62  5:37  Probe  
  62  5:38  Pylon  
  63  5:43  Pylon  
  63  5:48  Pylon  
  63  5:57  Pylon  
  63  6:03  Sentry x5  
  73  6:04  Zealot  
  75  6:14  Observer  
  76  6:20  Stalker x2  
  76  6:22  Pylon  
  80  6:39  Stalker x5  
Show
View Real Time Build Order
Export as new Build Order

brueda Zerg - Winner!

Build Orders: Pool First 

Get SALT Encoding   

  12  0:01  Drone  
  13  0:15  Extractor  
  12  0:24  Spawning Pool  
  11  0:29  Drone  
  11  0:34  Drone  
  13  0:39  Drone  
  14  0:51  Overlord  
  14  1:13  Zergling x6  
  14  1:18  Metabolic Boost  
  17  1:24  Zergling x2  
  18  1:45  Hatchery  
  17  1:48  Drone  
  18  1:59  Queen  
  20  2:08  Drone x2  
  22  2:17  Overlord  
  22  2:40  Hatchery  
  22  2:42  Drone  
  22  2:45  Drone  
  22  2:48  Drone  
  24  2:56  Drone  
  24  2:57  Drone  
  26  3:04  Drone  
  27  3:09  Queen  
  29  3:13  Drone  
  29  3:16  Drone  
  31  3:20  Overlord  
  31  3:24  Drone  
  32  3:29  Drone  
  32  3:30  Drone  
  34  3:35  Zergling x2  
  34  3:39  Zergling x2  
  36  3:42  Drone x2  
  36  3:44  Overlord  
  36  3:48  Drone x2  
  40  3:54  Drone x2  
  42  3:59  Drone  
  41  4:03  Zergling x2  
  41  4:07  Drone  
  42  4:14  Spore Crawler  
  42  4:15  Spore Crawler, Queen  
  42  4:20  Drone x3  
  42  4:22  Drone  
  46  4:24  Drone  
  46  4:29  Queen  
  49  4:35  Overlord  
  49  4:45  Drone x3  
  52  4:46  Drone x3  
  52  4:50  Lair  
  55  4:56  Roach Warren  
  55  4:57  Extractor  
  53  5:05  Drone x5  
  53  5:06  Drone  
  59  5:07  Extractor  
  59  5:09  Overlord  
  58  5:22  Overlord x2  
  58  5:28  Overlord  
  58  5:30  Zergling x12  
  64  5:36  Roach  
  64  5:39  Roach x2  
  64  5:40  Spine Crawler  
  69  5:46  Roach x3  
  69  5:47  Overlord  
  69  5:49  Overseer  
  75  5:54  Overlord  
  77  5:57  Roach x2  
  77  6:03  Ravager  
  77  6:04  Ravager x2  
  82  6:05  Overlord x2  
  82  6:09  Roach x3  
  82  6:10  Zergling x2  
  89  6:15  Roach x2  
  89  6:16  Zergling x2  
  94  6:20  Roach  
  94  6:21  Zergling x4  
  98  6:27  Zergling x8  
  98  6:28  Ravager  
  98  6:30  Zergling x4  
  105  6:36  Zergling x4  
  107  6:42  Roach x2  
  107  6:43  Roach  
  107  6:44  Zergling x4  
  107  6:46  Roach  
Tags
 
Add a new tag
Caveats
  • Supply blocks, unpowered buildings, or Contaminate may cause inaccurate times.
  • Supply counts are checked every 10 seconds.